 Dungeon Crawl Stone Soup version 0.29-a0-330-g52719c12eb (webtiles) character file.

Game seed: 8847902389260749367

2210 kae the Cleaver (level 9, -4/69 (82) HPs)
             Began as a Hill Orc Cinder Acolyte on Apr 15, 2022.
             Was a Believer of Ignis.
             Slain by a wight
             ... wielding a +4 great sword of freezing
              (6 damage)
             ... on level 6 of the Dungeon.
             The game lasted 00:06:07 (8406 turns).

kae the Cleaver (Hill Orc Cinder Acolyte)           Turns: 8406, Time: 00:06:08

HP:   -4/69 (82)    AC:  8    Str: 21    XL:     9   Next: 35%
MP:   13/13         EV:  9    Int: 14    God:    Ignis [**....]
Gold: 475           SH:  0    Dex:  6    Spells: 12/14 levels left

rFire   + . .      SeeInvis .   s - +0 war axe (venom)
rCold   . . .      Faith    .   (no shield)
rNeg    . . .      Spirit   .   j - +1 scale mail {rPois}
rPois   +          Reflect  .   (no helmet)
rElec   .          Harm     .   (no cloak)
rCorr   .          Rampage  .   (no gloves)
Will    .....                   f - +0 pair of boots
Stlth   ..........              (no amulet)
HPRegen 0.21/turn               h - ring of wizardry
MPRegen 0.13/turn               (no ring)

@: heavily drained
A: no striking features
a: Renounce Religion, Fiery Armour, Foxfire Swarm


You were on level 6 of the Dungeon.
You worshipped Ignis.
Ignis was pleased with you.
You visited 2 branches of the dungeon, and saw 8 of its levels.
You also visited: Sewer.

You collected 479 gold pieces.
You spent 4 gold pieces at shops.

Inventory:

Hand Weapons
 a - a -1 hand axe of flaming
 s - a +0 war axe of venom (weapon)
Armour
 b - a +1 robe
 f - a +0 pair of boots (worn)
 j - a +1 scale mail of poison resistance (worn)
Jewellery
 h - a ring of wizardry (left hand)
 q - a ring of protection from cold
 v - a ring of positive energy
Wands
 d - a wand of mindburst (19)
Scrolls
 k - 2 scrolls of enchant armour
 n - a scroll of immolation
 r - a scroll of teleportation
Potions
 c - 2 potions of invisibility
 e - 8 potions of curing
 g - 2 potions of brilliance
 i - 2 potions of mutation
 l - a potion of degeneration
 m - 2 potions of ambrosia
 o - 2 potions of might
 p - a potion of heal wounds {unknown}
 t - a potion of magic {unknown}
 u - 2 potions of haste {unknown}
 w - a potion of cancellation {unknown}
 x - a potion of lignification {unknown}


   Skills:
 + Level 8.4 Fighting
 * Level 12.2 Axes
 - Level 3.0 Spellcasting
 - Level 5.1 Fire Magic


You had 12 spell levels left.
You knew the following spells:

 Your Spells              Type           Power      Damage    Failure   Level
a - Scorch                Fire           32%        2d7       4%          2

Your spell library contained the following spells:

 Spells                   Type           Power      Damage    Failure   Level
 Animate Skeleton         Necr           4%         N/A       24%         1
 Apportation              Tloc           4%         N/A       24%         1
 Magic Dart               Conj           8%         1d3       24%         1
 Summon Small Mammal      Summ           8%         N/A       24%         1
 Searing Ray              Conj           4%         2d4       34%         2
 Dazzling Flash           Conj/Hex       4%         N/A       56%         3
 Ozocubu's Armour         Ice            2%         N/A       56%         3
 Fulminant Prism          Conj/Hex       1%         3d6       91%         4
 Summon Ice Beast         Ice/Summ       2%         N/A       91%         4
 Agony                    Necr           2%         N/A       99%         5
 Metabolic Englaciation   Hex/Ice        1%         N/A       99%         5
 Silence                  Hex/Air        1%         N/A       99%         5
 Summon Mana Viper        Hex/Summ       2%         N/A       99%         5
 Simulacrum               Ice/Necr       1%         N/A       100%        6
 Monstrous Menagerie      Summ           1%         N/A       100%        7


Dungeon Overview and Level Annotations

Branches:
Dungeon (7/15)             Temple (1/1) D:4           Sewer (visited)

Altars:
Ashenzari
Cheibriados
Dithmenos
Elyvilon
Fedhas
Gozag
Hepliaklqana
Kikubaaqudgha
Makhleb
Nemelex Xobeh
Okawaru
Qazlal
Ru
Trog
Uskayaw
Vehumet
Wu Jian
Xom
Yredelemnul
Zin
The Shining One

Shops:
D:4 (   D:5 *   D:6 :


Message History

g - Guard the area. f - Follow me.
Anything else - Cancel.
You shout for attention!
You hit the wight but do no damage. You barely miss the wight.
The wight closely misses you.
You barely miss the wight.
The wight hits you with a +3 short sword.
You barely miss the wight. The wight closely misses you.
You barely miss the wight.
The wight hits you with a +3 short sword!
You feel drained.
You slash the wight!
The wight is severely damaged.
The wight hits you with a +3 short sword!
You feel drained.
You barely miss the wight.
The wight is severely damaged.
The wight barely misses you.
You barely miss the wight.
The wight is severely damaged.
You hit the wight but do no damage.
The wight hits you with a +4 great sword of freezing!
You feel drained. The wight freezes you.
The wight hits you with a +3 short sword.
You feel drained.
You are too injured to fight recklessly!
You are too injured to fight recklessly!
You are too injured to fight recklessly!
You are too injured to fight recklessly!
You are too injured to fight recklessly!
You are too injured to fight recklessly!
You hit the wight. You punch the wight, but do no damage.
The wight is almost destroyed.
You hit the wight.
The wight hits you with a +4 great sword of freezing!!
* * * LOW HITPOINT WARNING * * *
You feel drained.
* * * LOW HITPOINT WARNING * * *
The wight freezes you.
You die...

................z...#.#.#.......#
...##...##.....#.>..###.#..#.....
....#...###....###......##.....(.
....#...##......###..###.........
.##...#................#.........
###...#............##...........#
###......>.#......##............#
..........<#...zz####....##.....#
...........#....@.......###......
......##.........#..###..........
....####..##.##>.#..#....##......
..........##.###.........#.......
.......#.###.##........>.....##..
.......####......................
..#.#.....##...........##........
..####.....#..#.##......#........
..# #...P♣...##.#................


You could see 2 wights.

Vanquished Creatures
  Prince Ribbit (D:5)
  An orc warrior (D:6)
  A sky beast (D:5)
  A black bear (D:5)
  An ice beast (D:6)
  3 ogres
  A phantom (D:6)
  2 centaurs (D:6)
  6 kobold brigands
  2 scorpions (D:5)
  3 hounds
  2 orc priests (D:6)
  3 iguanas
  7 orc wizards
  9 adders
  2 river rats
  3 ufetubi (D:5)
  2 worms
  5 dart slugs
  10 orcs
  9 ball pythons
  11 endoplasms
  7 giant cockroaches
  6 goblins
  7 hobgoblins
  13 jackals
  14 kobolds
  5 quokkas
  5 bats
  5 frilled lizards
  4 rats
151 creatures vanquished.

Vanquished Creatures (others)
  78 foxfires
  16 plants
94 creatures vanquished.

Grand Total: 245 creatures vanquished

Notes
Turn   | Place    | Note
-------+----------+-------------------------------------------
     0 | D:1      | kae the Hill Orc Cinder Acolyte began the quest for the
                  | Orb.
     0 | D:1      | Reached XP level 1. HP: 19/19 MP: 2/2
    23 | D:1      | Reached XP level 2. HP: 4/27 MP: 3/3
   510 | D:1      | Learned a level 2 spell: Scorch
   706 | D:1      | Reached XP level 3. HP: 33/33 MP: 4/4
  1236 | D:1      | Found a faded altar of an unknown god.
  1861 | D:2      | Reached skill level 5 in Axes
  2126 | D:3      | Reached XP level 4. HP: 35/40 MP: 6/6
  2822 | D:4      | Reached XP level 5. HP: 24/47 MP: 7/7
  3027 | D:4      | Found a glowing drain.
  3034 | Sewer    | Entered a sewer
  3267 | Sewer    | Reached skill level 6 in Axes
  3419 | Sewer    | Noticed a kobold brigand
  3434 | Sewer    | Killed a kobold brigand
  3435 | Sewer    | Reached XP level 6. HP: 37/55 MP: 7/9
  3664 | Sewer    | Reached skill level 5 in Fighting
  3913 | Sewer    | Reached skill level 7 in Axes
  4125 | Sewer    | Reached XP level 7. HP: 43/61 MP: 10/10
  4592 | D:4      | Found Meighipp's Weapon Shoppe.
  4655 | D:4      | Identified the +1 dagger of Impeachment {vorpal, MP+9 Int-5
                  | Dex+2 SInv}
  4793 | D:4      | Reached skill level 5 in Fire Magic
  4960 | D:4      | Found a staircase to the Ecumenical Temple.
  5293 | Temple   | Entered the Ecumenical Temple
  5557 | D:5      | Entered Level 5 of the Dungeon
  5763 | D:5      | Found Imety's CLEARANCE SALE!.
  5771 | D:5      | Bought a scroll of identify for 4 gold pieces
  5783 | D:5      | Reached skill level 8 in Axes
  5816 | D:5      | Noticed Prince Ribbit
  5834 | D:5      | Reached XP level 8. HP: 22/70 MP: 0/12
  5837 | D:5      | Killed Prince Ribbit
  5838 | D:5      | Reached skill level 9 in Axes
  6692 | D:6      | Reached skill level 10 in Axes
  6703 | D:6      | HP: 1/73 [iguana (6)]
  7195 | D:6      | Reached skill level 11 in Axes
  7197 | D:6      | Reached XP level 9. HP: 63/80 MP: 13/13
  7488 | D:6      | Found Had Etwa's Book Boutique.
  7839 | D:6      | Reached skill level 12 in Axes
  8406 | D:6      | HP: 2/69 [wight/+4 great sword of freezing (7)]
  8406 | D:6      | Slain by a wight

Illustrated notes

Levels and vault maps discovered:
D:1:      onia_arrival_pentagram, layout_rooms, chequers_ecumenical_altar_lobes,
          interstate_on_off, grunt_decor_mini_mirrors
D:2:      layout_basic
D:3:      layout_rooms
D:4:      layout_gridville, minmay_temple_entry_junction, serial_shops,
          nicolae_shop_bloodbath_and_beyond, gup_sewer_entry_bubbles
D:5:      layout_cave_pools, minmay_misc_feat_encased,
          hangedman_decor_clover_reticule, nicolae_shop_clearance,
          uniq_prince_ribbit1
D:6:      layout_cave_pools, serial_shops, kennysheep_little_box,
          serial_park_tiny_1, kennysheep_generic_room_8
D:7:      layout_gridville, kennysheep_mini_moat, serial_glass, glass_columns_b,
          glass_columns_b, glass_columns_a, glass_columns_c,
          amcnicky_mini_corridor_feature, kennysheep_generic_room_16,
          uniq_duvessa
Temple:   mainiacjoe_temple_archimedes_tessellation

Skill      XL: |  1  2  3  4  5  6  7  8  9 |
---------------+----------------------------+-----
Fighting       | 4 5 6 7 8 |  8.4
Axes           | 5 6 7 8 11 12 | 12.2
Fire Magic     | 4 5 |  5.1
Spellcasting   | 2 3 |  3.0

Action                   |  1- 3 |  4- 6 |  7- 9 || total
-------------------------+-------+-------+-------++-------
Melee: Hand axe          |   132 |    82 |       ||   214
       War axe           |       |   163 |   179 ||   342
       Punch             |       |       |     2 ||     2
 Cast: Scorch            |       |       |    13 ||    13
Invok: Foxfire Swarm     |     1 |     1 |     4 ||     6
       Rising Flame      |       |       |     1 ||     1
  Use: Scroll            |     8 |     2 |     7 ||    17
Armor: Robe              |    34 |    15 |       ||    49
       Scale mail        |       |    99 |    98 ||   197
Dodge: Dodged            |    84 |   105 |    90 ||   279

Table legend: (Time is in decaauts)
 A = Elapsed time spent in this place.
 B = Non-inter-level travel time spent in this place.
 C = Inter-level travel time spent in this place.
 D = Time resting spent in this place.
 E = Time spent auto-exploring this place.
 F = Levels seen in this place.
 G = Mean time per level.
                   A        B        C        D        E       F      G
               +--------+--------+--------+--------+--------+-----+--------+
         Total |   8623 |   8338 |    285 |   2321 |   4709 |   9 |  958.1 |
       Dungeon |   6715 |   6467 |    248 |   1931 |   3562 |   7 |  959.3 |
        Temple |    239 |    203 |     36 |      0 |    183 |   1 |  239.0 |
         Sewer |   1667 |   1667 |      0 |    390 |    963 |   1 | 1667.0 |
               +--------+--------+--------+--------+--------+-----+--------+

Top non-repeatable levels by time:
     D:5: 1767 daAuts
   Sewer: 1667 daAuts
     D:1: 1371 daAuts
     D:4: 1162 daAuts
     D:6: 1071 daAuts
     D:2: 732 daAuts
     D:3: 602 daAuts
  Temple: 239 daAuts
     D:7: 9 daAuts
